 Dungeon Crawl Stone Soup version 0.30.1-11-g7821555f0a (webtiles) character file.

Game seed: 5709955160406579524

35 babelphish the Conjurer (level 3, 0/24 HPs)
             Began as a Human Conjurer on Jan 5, 2024.
             Killed from afar by Sigmund (4 damage)
             ... with a magic dart
             ... on level 2 of the Dungeon.
             The game lasted 00:22:25 (1173 turns).

babelphish the Conjurer (Human Conjurer)            Turns: 1173, Time: 00:22:26

Health: 0/24       AC:  6    Str:  7    XL:     3   Next: 55%
Magic:  6/6        EV:  7    Int: 20    God:
Gold:   69         SH:  0    Dex: 11    Spells: 2/6 levels left

rFire   . . .        d - +1 short sword (venom)
rCold   . . .        (no shield)
rNeg    . . .        l - +0 scale mail
rPois   .            (no helmet)
rElec   .            (no cloak)
rCorr   .            (no gloves)
SInv    .            (no boots)
Will    .....        g - amulet of faith Stlth
                     (no ring)
HPRegen 0.24/turn    (no ring)
MPRegen 0.10/turn

%: faith
@: no status effects
A: no striking features
a: no special abilities


You were on level 2 of the Dungeon.
You visited 1 branch of the dungeon, and saw 2 of its levels.

You collected 69 gold pieces.

Inventory:

Hand Weapons
 b - a +1 whip
 d - a +1 short sword of venom (weapon)
Missiles
 f - 8 stones
Armour
 a - a +0 robe
 e - a +0 robe
 l - a +0 scale mail (worn)
Jewellery
 g - an amulet of faith (around neck)
Scrolls
 h - a scroll of identify {unknown}
 j - a scroll of fear {unknown}
Potions
 c - a potion of flight {unknown}
 i - 2 potions of might {unknown}


   Skills:
 + Level 0.3 Maces & Flails
 + Level 2.2 Dodging
 + Level 2.0 Stealth
 + Level 1.0 Unarmed Combat
 + Level 2.2 Spellcasting
 + Level 4.5 Conjurations


You had 2 spell levels left.
You knew the following spells:

 Your Spells              Type           Power      Damage    Failure   Level
a - Magic Dart            Conj           80%        1d7       32%         1
b - Searing Ray           Conj           40%        2d5       43%         2
c - Slow                  Hex            8%         N/A       91%         1

Your spell library contained the following spells:

 Spells                   Type           Power      Damage    Failure   Level
 Cigotuvi's Dreadful Rot  Necr/Pois/Air  4%         N/A       97%         2
 Dazzling Flash           Conj/Hex       22%        N/A       94%         3
 Confusing Touch          Hex            2%         N/A       99%         3
 Ignite Poison            Fire/Tmut/Pois 2%         N/A       99%         3
 Vampiric Draining        Necr           2%         2d6       99%         3
 Fulminant Prism          Conj/Hex       5%         3d7       100%        4
 Iskenderun's Mystic Bla  Conj/Tloc      11%        2d4       100%        4
 Freezing Cloud           Conj/Ice/Air   4%         6-21      100%        5


Dungeon Overview and Level Annotations

Branches:
Dungeon (2/15)

Altars:

Annotations:
D:2 Sigmund


Message History

Casting: Searing Ray (quite dangerous; 45% risk of failure)
Confirm with . or Enter, or press ? or * to list all spells.
You can't see any susceptible monsters within range! (Use Z to cast anyway.)
Something hits you.
* * * LOW HITPOINT WARNING * * *
An endoplasm comes into view.
The endoplasm quivers.
A magic dart appears from out of thin air!
The magic dart hits you but does no damage.
It was a potion of heal wounds.
You feel much better. The endoplasm barely misses you.
You hit the endoplasm but do no damage.
The endoplasm is poisoned.
Something hits you.
The endoplasm hits you but does no damage.
You hit the endoplasm.
The endoplasm is heavily wounded.
You kill the endoplasm!
Something hits you.
You are confused.
You're too confused to move!
Something hits you. Something hits you.
You're too confused to move!
You feel less confused. Something hits you but does no damage.
Something hits you!
* * * LOW HITPOINT WARNING * * *
Something hits you but does no damage.
Casting: Searing Ray (quite dangerous; 43% risk of failure)
Confirm with . or Enter, or press ? or * to list all spells.
Okay, then.
A magic dart appears from out of thin air!
The magic dart hits you.
* * * LOW HITPOINT WARNING * * *
A magic dart appears from out of thin air!
The magic dart hits you.
* * * LOW HITPOINT WARNING * * *
A magic dart appears from out of thin air!
The magic dart hits you.
You die...

.# #...# .# #...# .. ## .##
#...# .# # #.## ##.##
#...######.# .# # #.###...#
#..........# ..# #
#..#..#.#####...#####..#...#
####.#...........{.............
<..............................
####.##.........@.........# #
#.###.#.#####...#####.## #
#.......# #.........# #####.###
#..†####### ...# #...# .####
#...# #...# ..... ....#.


There were no monsters in sight!

Vanquished Creatures
  A dart slug (D:1)
  2 bats
  6 endoplasms
  3 giant cockroaches (D:1)
  3 hobgoblins (D:1)
  3 quokkas (D:1)
  2 ball pythons (D:1)
  3 frilled lizards (D:1)
  6 kobolds (D:1)
  A rat (D:1)
30 creatures vanquished.

Notes
Turn   | Place    | Note
-------+----------+-------------------------------------------
     0 | D:1      | babelphish the Human Conjurer began the quest for the Orb.
     0 | D:1      | Reached XP level 1. HP: 13/13 MP: 3/3
    79 | D:1      | Reached XP level 2. HP: 18/19 MP: 0/5
   242 | D:1      | Reached skill level 1 in Unarmed Combat
   459 | D:1      | Reached XP level 3. HP: 24/24 MP: 3/6
   519 | D:1      | Learned a level 2 spell: Searing Ray
   885 | D:1      | Learned a level 1 spell: Slow
  1133 | D:2      | Noticed Sigmund
  1147 | D:2      | HP: 1/24 [something (5)]
  1173 | D:2      | Killed from afar by Sigmund

Illustrated notes

Levels and vault maps discovered:
D:1:      zaba_arrival_water, layout_basic, minivault_24, minmay_3d_cube
D:2:      layout_loops_cross, basic_altar, uniq_sigmund, uniq_natasha

Skill      XL: |  1  2 |
---------------+-------+-----
Unarmed Combat | 1 |  1.0
Maces & Flails | |  0.3
Dodging        | |  2.2
Stealth        | |  2.0
Spellcasting   | |  2.2
Conjurations   | |  4.5

Action                     || total
---------------------------++-------
  Melee: Unarmed           ||    15
         Whip              ||    18
         Short sword       ||    16
         Punch             ||     1
   Cast: Magic Dart        ||    37
         Searing Ray       ||     1
    Use: Potion            ||     2
         Scroll            ||     1
 Armour: Robe              ||     9
         Scale mail        ||     5
  Dodge: Dodged            ||    43
